 Dungeon Crawl Stone Soup version 0.31.0-32-g396128a36d (webtiles) character file.

Game seed: 11403639599693849656

1717 AdnanSaban the Basher (level 9, -13/55 HPs)
             Began as a Gargoyle Fighter on Apr 11, 2024.
             Engulfed by a steam dragon's steam (14 damage)
             ... on level 6 of the Dungeon.
             The game lasted 00:08:36 (4980 turns).

AdnanSaban the Basher (Gargoyle Fighter)            Turns: 4980, Time: 00:08:37

Health: -13/55     AC: 17    Str: 24    XL:     9   Next: 4%
Magic:  9/9        EV:  8    Int:  9    God:
Gold:   350        SH:  5    Dex:  9    Spells: 8/8 levels left

rFire   . . .        a - +0 flail
rCold   . . .        c - +0 buckler
rNeg    + . .        i - +0 chain mail
rPois   ∞            l - +0 helmet
rElec   +            e - +0 cloak
rCorr   .            h - +0 pair of gloves
SInv    .            k - +0 pair of boots
Will    .....        o - amulet of regeneration Stlth
                     (no ring)
HPRegen 1.09/turn    (no ring)
MPRegen 0.11/turn

%: no passive effects
@: corroded
A: sickness immunity, AC +6, negative energy resistance 1, electricity
resistance, torment resistance 1, petrification resistance
a: no special abilities


You were on level 6 of the Dungeon.
You visited 1 branch of the dungeon, and saw 6 of its levels.
You also visited: Ossuary.

You collected 350 gold pieces.

Inventory:

Hand Weapons
 a - a +0 flail (weapon)
Armour
 c - a +0 buckler (worn)
 e - a +0 cloak (worn)
 h - a +0 pair of gloves (worn)
 i - a +0 chain mail (worn)
 k - a +0 pair of boots (worn)
 l - a +0 helmet (worn)
Jewellery
 o - an amulet of regeneration (around neck)
Wands
 t - a wand of iceblast (12)
 v - a wand of flame (24)
Scrolls
 b - 11 scrolls of identify {unknown}
 f - 3 scrolls of revelation {unknown}
 g - 5 scrolls of poison {unknown}
 j - 5 scrolls of blinking {unknown}
 m - 7 scrolls of teleportation {unknown}
 p - 2 scrolls of fog {unknown}
 r - a scroll of enchant weapon {unknown}
 s - 3 scrolls of amnesia {unknown}
 u - 2 scrolls of vulnerability {unknown}
 w - a scroll of torment {unknown}
 y - a scroll of brand weapon {unknown}
 A - a scroll of summoning {unknown}
 B - a scroll of fear {unknown}
Potions
 d - 4 potions of might
 n - 2 potions of haste {unknown}
 q - 4 potions of curing {unknown}
 x - 2 potions of attraction {unknown}
 z - 2 potions of berserk rage {unknown}


   Skills:
 + Level 6.0 Fighting
 + Level 8.1 Maces & Flails
 + Level 5.8 Armour
 + Level 1.5 Dodging
 + Level 1.0 Stealth
 + Level 5.5 Shields


You had 8 spell levels left.
You didn't know any spells.
Your spell library contained the following spells:

 Spells                   Type           Power      Damage    Failure   Level
 Hailstorm                Conj/Ice       0%         3d5       100%        3
 Summon Ice Beast         Ice/Summ       0%         N/A       100%        3
 Tukima's Dance           Hex            0%         N/A       100%        3
 Passage of Golubria      Tloc           0%         N/A       100%        4
 Petrify                  Alch/Erth      0%         N/A       100%        4
 Irradiate                Conj/Alch      0%         3d11      100%        5
 Summon Forest            Summ/Tloc      0%         N/A       100%        5
 Yara's Violent Unravell  Hex/Alch       0%         3d3       100%        5
 Eringya's Noxious Bog    Alch           0%         4d6       100%        6
 Sculpt Simulacrum        Ice/Alch       0%         N/A       100%        6
 Ozocubu's Refrigeration  Ice            0%         4d7       100%        7
 Summon Hydra             Summ           0%         N/A       100%        7
 Polar Vortex             Ice            0%         N/A       100%        9
 Sublimation of Blood     Necr           Unusable   N/A       N/A         2

Dungeon Overview and Level Annotations

Branches:
Dungeon (6/15)            Ossuary (visited)
 Temple: D:4-7

Altars:
Nemelex Xobeh


Innate Abilities, Weirdness & Mutations

You are immune to sickness and miasma.
Your stone body is resilient. (AC +6)
You are immune to poison.
You resist negative energy. (rN+)
You are resistant to electric shocks. (rElec)
You are resistant to unholy torment.
You are immune to petrification.


Message History

The jelly attacks as it pursues you! The jelly barely misses you.
The jelly attacks as it pursues you! The jelly hits you but does no damage.
You are no longer corroded.
The jelly attacks as it pursues you! The jelly barely misses you.
There is a stone staircase leading up here.
The jelly barely misses you.
You climb upwards.
There is a stone staircase leading down here.
You hit the jelly.
Your hands burn!
The jelly is lightly wounded.
The jelly barely misses you.
You thump the jelly! The acid corrodes you!
Your hands burn!
The jelly is heavily wounded.
The jelly hits you but does no damage.
You hit the jelly.
Your hands burn!
The jelly is severely wounded.
The jelly barely misses you.
You sock the jelly!
You kill the jelly!
You start resting.
HP restored.
You climb downwards.
There is a stone staircase leading up here.
You closely miss the steam dragon. The steam dragon breathes steam at you.
The ball of steam hits you!
You hit the steam dragon but do no damage.
You are engulfed in a cloud of scalding steam.
The steam dragon bites you but does no damage.
The steam dragon claws you.
You hit the steam dragon but do no damage.
You are engulfed in a cloud of scalding steam.
You block the steam dragon's attack. The steam dragon barely misses you.
You barely miss the steam dragon.
You are engulfed in a cloud of scalding steam.
The steam dragon breathes steam at you. The ball of steam hits you!!
* * * LOW HITPOINT WARNING * * *
You are engulfed in a cloud of scalding steam.
You die...

### #§# #§# #@#..
#§#.# #D#.# #.#.#
#.#.# #.#.# #.#.#
.#.####.#.#######
.................


You could see a steam dragon (catching breath).

Vanquished Creatures
  Sigmund (D:3)
  2 black bears
  A centaur (D:6)
  2 ogres
  A gnoll sergeant (D:4)
  4 scorpions
  2 centaur zombies (Ossuary)
  A jelly (D:5)
  An orc priest (D:4)
  A hound (D:5)
  5 iguanas
  3 sleepcaps
  Ijyb (D:4)
  Natasha (D:4)
  An orc wizard (D:4)
  3 ogre zombies (Ossuary)
  7 mummies (Ossuary)
  Robin (D:4)
  5 gnolls (D:4)
  6 adders
  A shadow imp (D:6)
  2 ufetubi (D:6)
  4 adder zombies (Ossuary)
  2 ribbon worms
  2 dart slugs
  6 orcs
  A bat (D:2)
  3 endoplasms
  4 giant cockroaches
  10 goblins
  5 hobgoblins
  4 jackals (D:4)
  4 quokkas
  8 ball pythons
  4 frilled lizards (D:3)
  8 goblin zombies (Ossuary)
  A hobgoblin zombie (Ossuary)
  4 kobolds
  3 kobold zombies (Ossuary)
  4 quokka zombies (Ossuary)
  6 rats
  5 rat zombies (Ossuary)
140 creatures vanquished.

Notes
Turn   | Place    | Note
-------+----------+-------------------------------------------
     0 | D:1      | AdnanSaban the Gargoyle Fighter began the quest for the
                  | Orb.
     0 | D:1      | Reached XP level 1. HP: 14/14 MP: 1/1
   428 | D:1      | Reached XP level 2. HP: 19/19 MP: 2/2
  1338 | D:2      | Reached XP level 3. HP: 23/23 MP: 3/3
  1876 | D:3      | Noticed Sigmund
  2311 | D:4      | Noticed Natasha
  2319 | D:4      | Killed Natasha
  2320 | D:4      | Reached XP level 4. HP: 29/29 MP: 4/4
  2342 | D:4      | Reached skill level 3 in Maces & Flails
  2359 | D:4      | Reached XP level 5. HP: 32/33 MP: 5/5
  2413 | D:4      | Identified the +4 spear of Inference {drain, rPois Int+3}
  2502 | D:4      | Reached skill level 4 in Maces & Flails
  2625 | D:4      | Noticed Ijyb
  2665 | D:4      | Killed Ijyb
  2690 | D:4      | Reached XP level 6. HP: 38/38 MP: 6/6
  2764 | D:4      | Noticed a black bear
  2777 | D:4      | Killed a black bear
  2878 | D:4      | Reached XP level 7. HP: 42/44 MP: 7/7
  2892 | D:4      | Noticed Robin
  2902 | D:4      | Killed Robin
  2947 | D:3      | Killed Sigmund
  2948 | D:3      | Reached skill level 5 in Maces & Flails
  2948 | D:3      | Reached skill level 1 in Dodging
  2969 | D:3      | Found a sparkling altar of Nemelex Xobeh.
  3120 | D:4      | Reached skill level 5 in Shields
  3434 | D:4      | Reached skill level 6 in Maces & Flails
  3446 | D:4      | Reached XP level 8. HP: 46/48 MP: 8/8
  3525 | D:4      | Reached skill level 5 in Fighting
  3563 | D:4      | Reached skill level 5 in Armour
  3631 | D:5      | Entered Level 5 of the Dungeon
  3639 | D:5      | Found the +5 woodcutter's axe
  3890 | D:5      | Found a sand-covered staircase.
  3901 | Ossuary  | Entered an ossuary
  4040 | Ossuary  | Reached skill level 7 in Maces & Flails
  4867 | D:6      | Reached skill level 8 in Maces & Flails
  4867 | D:6      | Reached skill level 1 in Stealth
  4867 | D:6      | Reached XP level 9. HP: 54/55 MP: 9/9
  4979 | D:6      | HP: 1/55 [steam dragon/ball of steam (20)]
  4980 | D:6      | Engulfed by a steam dragon's steam

Illustrated notes

Levels and vault maps discovered:
D:1:      spicycebolla_green_bress_n_ham, layout_basic
D:2:      layout_loops_ring, chequers_serial_rivers_room_a
D:3:      layout_rooms, old_standard_altar, minmay_misc_feat_rugged,
          uniq_sigmund
D:4:      layout_loops_ring, lightli_minifort, uniq_robin, uniq_ijyb,
          uniq_natasha
D:5:      layout_loops_cross, chequers_ossuary_entry_cave
D:6:      layout_basic, grunt_dithmenos_smoke, dreamdust_princess_bridge,
          hangedman_minor_gate_pass

Skill      XL: |  1  2  3  4  5  6  7  8  9 |
---------------+----------------------------+-----
Shields        | 4 5 |  5.5
Maces & Flails | 3 4 6 8 |  8.1
Armour         | 4 5 |  5.8
Fighting       | 4 5 6 |  6.0
Dodging        | 1 |  1.5
Stealth        | 1 |  1.0

Action                     |  1- 3 |  4- 6 |  7- 9 || total
---------------------------+-------+-------+-------++-------
  Melee: Flail             |   101 |   133 |   375 ||   609
 Armour: Scale mail        |    14 |       |       ||    14
         Chain mail        |    54 |   113 |   313 ||   480
  Dodge: Dodged            |    36 |    55 |   152 ||   243
  Block: Buckler           |    22 |    28 |    94 ||   144
